 Dungeon Crawl Stone Soup version 0.28.0-55-gcd9437bce4 (webtiles) character file.

Game seed: 17239410890322012333

429 jjjjhere the Poker (level 6, -6/75 HPs)
             Began as a Minotaur Arcane Marksman on Dec 18, 2022.
             Was a Believer of Ru.
             Mangled by Edmund
             ... wielding a +2 dire flail of protection
              (7 damage)
             ... on level 4 of the Dungeon.
             The game lasted 00:06:08 (3851 turns).

jjjjhere the Poker (Minotaur Arcane Marksman)       Turns: 3851, Time: 00:06:08

Health: -6/75      AC: 23    Str: 13 (16) XL:     6   Next: 66%
Magic:  6/6        EV:  2    Int:  9 (10) God:    Ru [**....]
Gold:   229        SH:  0    Dex:  8 (11) Spells: 6/7 levels left

rFire   + . .      SeeInvis .   e - +0 spear
rCold   . . .      Faith    .   (no shield)
rNeg    . . .      Spirit   .   (armour currently unavailable)
rPois   +          Reflect  .   (helmet currently unavailable)
rElec   .          Harm     .   (cloak currently unavailable)
rCorr   .          Rampage  .   (gloves currently unavailable)
Will    .....      NoTele   +   (boots currently unavailable)
Stlth   +.........              (no amulet)
HPRegen 0.22/turn               q - ring of protection from fire
MPRegen 0.10/turn               (no ring)

@: tree-form
A: stationary, stasis, torment immunity, boosted hp, (horns 2), inability to use
devices, (retaliatory headbutt)
a: Renounce Religion


You were on level 4 of the Dungeon.
You worshipped Ru.
Ru was pleased with you.
You were a tree.
You visited 1 branch of the dungeon, and saw 4 of its levels.

You collected 229 gold pieces.

Inventory:

Hand Weapons
 b - a +0 short sword
 e - a +0 spear (weapon)
 n - a +0 flail
Missiles
 d - 5 javelins (quivered)
Armour
 a - a +0 robe (melded)
 k - a +0 pair of boots (melded)
Jewellery
 q - a ring of protection from fire (left branch)
Scrolls
 f - a scroll of enchant armour {unknown}
 g - 3 scrolls of identify {unknown}
 h - a scroll of silence {unknown}
 j - 2 scrolls of teleportation {unknown}
 p - a scroll of blinking {unknown}


   Skills:
 - Level 2.9 Fighting
 + Level 7.7 Polearms
 - Level 2.0 Throwing
 - Level 2.1 Dodging
 - Level 1.0 Spellcasting
 - Level 2.0 Hexes


You had 6 spell levels left.
You knew the following spells:

 Your Spells              Type           Power      Damage    Failure   Level
a - Slow                  Hex            16%        N/A       16%         1

Your spell library contained the following spells:

 Spells                   Type           Power      Damage    Failure   Level
 Animate Skeleton         Necr           0%         N/A       36%         1
 Pain                     Necr           0%         1d4       36%         1
 Corpse Rot               Necr/Air       0%         N/A       50%         2
 Poisonous Vapours        Pois/Air       0%         N/A       50%         2
 Inner Flame              Hex/Fire       2%         N/A       58%         3
 Portal Projectile        Hex/Tloc       4%         N/A       58%         3
 Vampiric Draining        Necr           0%         2d6       73%         3
 Cause Fear               Hex            2%         N/A       85%         4


Dungeon Overview and Level Annotations

Branches:
Dungeon (4/15)
 Temple: D:4-7

Altars:
Ru
Xom

Annotations:
D:3 1 runed translucent door, Crazy Yiuf
D:4 Edmund


Innate Abilities, Weirdness & Mutations

You are a tree.
Your roots penetrate the ground, keeping you stationary.
You cannot be teleported.
You are immune to unholy pain and torment.
Your maximum health is greatly increased.
Your equipment is partially melded.
((You have a pair of horns on your head.))
You cannot study or use magical devices.
((You reflexively headbutt those who attack you in melee.))


Message History

You closely miss Edmund.
Edmund is severely wounded.
Edmund hits you with a +2 dire flail of protection.
* * * LOW HITPOINT WARNING * * *
You catch the helpless Edmund completely off-guard!
You hit Edmund but do no damage.
Edmund is severely wounded.
You redirect Edmund's attack!
Edmund barely misses himself.
You hit Edmund but do no damage.
Edmund shouts!
Edmund is severely wounded.
You hit Edmund but do no damage.
Edmund is severely wounded.
Edmund hits you with a +2 dire flail of protection.
* * * LOW HITPOINT WARNING * * *
You barely miss Edmund.
Edmund is severely wounded.
You flicker back into view.
Edmund hits you but does no damage.
You completely miss Edmund.
Edmund is severely wounded.
Edmund says, "A flail is better than a scythe, any day of the week!"
Edmund hits you with a +2 dire flail of protection!
* * * LOW HITPOINT WARNING * * *
You aren't carrying any potions.
Unknown command.
Okay, then.
You hit Edmund.
Edmund is severely wounded.
You cannot evoke magical items.
Okay, then.
You hit Edmund.
Edmund is severely wounded.
Edmund hits you with a +2 dire flail of protection.
* * * LOW HITPOINT WARNING * * *
You hit Edmund but do no damage.
Edmund is severely wounded.
Edmund hits you with a +2 dire flail of protection!
You die...

#. #...#...#...#...#...#..#
#.###.#†...)#.###.#.....#.#
##.).###...###...###...##..
#.....#.###.#.....#.###.##.
#...#...#...#...#...#...#...#.
#.. #####...#...#####...#...#.
# #...#...#...#...#...#.
#.....#)###.#.....#)###.#..
##...###)@♣###...###...##.#
#### ##### ##### #......#
########


You could see Edmund.

Vanquished Creatures
  A necrophage (D:4)
  An ogre (D:3)
  A howler monkey (D:4)
  A jelly (D:4)
  Jessica (D:2)
  An iguana (D:3)
  Robin (D:4)
  3 adders
  3 dart slugs
  A worm (D:3)
  6 ball pythons
  6 bats
  9 endoplasms
  2 giant cockroaches
  12 hobgoblins
  4 jackals (D:2)
  5 quokkas
  2 frilled lizards (D:1)
  11 goblins
  13 kobolds
  A quokka skeleton (D:4)
  5 rats
90 creatures vanquished.

Notes
Turn   | Place    | Note
-------+----------+-------------------------------------------
     0 | D:1      | jjjjhere the Minotaur Arcane Marksman began the quest for
                  | the Orb.
     0 | D:1      | Reached XP level 1. HP: 16/16 MP: 1/1
    65 | D:1      | Reached XP level 2. HP: 10/25 MP: 2/2
   614 | D:1      | Reached skill level 1 in Polearms
   986 | D:1      | Reached skill level 2 in Polearms
   986 | D:1      | Reached XP level 3. HP: 14/30 MP: 3/3
  1175 | D:2      | Noticed Jessica
  1183 | D:2      | Killed Jessica
  1184 | D:2      | Reached skill level 3 in Polearms
  1264 | D:2      | Reached XP level 4. HP: 37/37 MP: 4/4
  1951 | D:3      | Found a sacrificial altar of Ru.
  1963 | D:3      | Reached skill level 4 in Polearms
  2128 | D:3      | Became a worshipper of Ru the Awakened
  2604 | D:3      | Found a shimmering altar of Xom.
  2631 | D:3      | Found a faded altar of an unknown god.
  2678 | D:3      | Noticed an ogre
  2698 | D:3      | Killed an ogre
  2699 | D:3      | Reached skill level 5 in Polearms
  2699 | D:3      | Reached XP level 5. HP: 29/44 MP: 5/5
  2851 | D:3      | Found a runed translucent door.
  2852 | D:3      | Noticed Crazy Yiuf
  3173 | D:3      | Reached skill level 6 in Polearms
  3340 | D:4      | Reached XP level 6. HP: 27/50 MP: 6/6
  3601 | D:4      | Noticed Robin
  3605 | D:4      | Killed Robin
  3633 | D:4      | Reached skill level 7 in Polearms
  3660 | D:4      | Gained mutation: You cannot study or use magical devices.
                  | [Ru sacrifice]
  3660 | D:4      | Reached * piety under Ru
  3660 | D:4      | Reached ** piety under Ru
  3771 | D:4      | Noticed Edmund
  3805 | D:4      | HP: 16/50 [Edmund/+2 dire flail of protection (3)]
  3806 | D:4      | HP: 5/50 [Edmund/+2 dire flail of protection (11)]
  3829 | D:4      | HP: 19/75 [Edmund/+2 dire flail of protection (9)]
  3834 | D:4      | HP: 19/75 [Edmund/+2 dire flail of protection (1)]
  3839 | D:4      | HP: 14/75 [Edmund/+2 dire flail of protection (1)]
  3846 | D:4      | HP: 8/75 [Edmund/+2 dire flail of protection (3)]
  3848 | D:4      | HP: 1/75 [Edmund/+2 dire flail of protection (7)]
  3851 | D:4      | Mangled by Edmund

Illustrated notes

Levels and vault maps discovered:
D:1:      doesnt_arrival_eight_statues, layout_rooms
D:2:      layout_basic, uniq_jessica
D:3:      layout_basic, mainiacjoe_overflow_catwalk, lemuel_crystal_altar,
          hellmonk_ecumenical_altar_run_dry, minmay_cupped,
          uniq_crazy_yiuf_cottage
D:4:      nicolae_cairo_tiling, layout_rooms, kennysheep_nondescript,
          uniq_edmund, uniq_robin

Skill      XL: |  1  2  3  4  5  6 |
---------------+-------------------+-----
Fighting       | 2 |  2.9
Polearms       | 2 3 5 6 7 |  7.7
Throwing       | |  2.0
Dodging        | |  2.1
Spellcasting   | |  1.0
Hexes          | |  2.0

Action                   |  1- 3 |  4- 6 || total
-------------------------+-------+-------++-------
Melee: Unarmed           |     6 |       ||     6
       Spear             |    37 |   256 ||   293
       Short sword       |     8 |       ||     8
       Headbutt          |     5 |    33 ||    38
Throw: Javelin           |    16 |       ||    16
       Throwing net      |       |     6 ||     6
Invok: Sacrifice Artific |       |     1 ||     1
  Use: Potion            |       |     4 ||     4
 Stab: Held in net/web   |       |     6 ||     6
       Sleeping          |       |     3 ||     3
       Invisible         |       |     4 ||     4
Armor: Robe              |     7 |    13 ||    20
       Skin              |       |     6 ||     6
Dodge: Dodged            |    34 |    83 ||   117
